| TOP OF THE 1ST |
|
St. Louis Cardinals batting - Pitching for Cleveland Spiders : RHP John Thomson
|
|
Pitching: RHP John Thomson
|
|
|
Batting: LHB Steve Finley
|
0-0: Ball 1-0: Fly out, F8 (Flyball, 8RM, EV 80.0 MPH)
|
|
Batting: RHB Jay Bell
|
0-0: Foul Ball, location: 2F 0-1: Ball 1-1: Ball 2-1: Swinging Strike 2-2: Ball 3-2: Fly out, F4 (Popup, 4S, EV 80.6 MPH)
|
|
Batting: LHB Brian S Giles
|
0-0: Swinging Strike 0-1: Ball 1-1: Swinging Strike 1-2: Strikes out swinging
|
| Top of the 1st over - 0 runs, 0 hits, 0 errors, 0 left on base; St. Louis 0 - Cleveland 0 |
| BOTTOM OF THE 1ST |
|
Cleveland Spiders batting - Pitching for St. Louis Cardinals : RHP Bob Scanlan
|
|
Pitching: RHP Bob Scanlan
|
|
|
Batting: LHB Darryl Strawberry
|
0-0: Foul Ball, location: 2F 0-1: Ball 1-1: SINGLE (Groundball, 34S, EV 76.9 MPH) (infield hit)
|
|
Batting: RHB Bernard Gilkey
|
0-0: Ball 1-0: Called Strike 1-1: Reached on error, E1 (Groundball, 34S, EV 90.6 MPH) Darryl Strawberry to second
|
|
Batting: RHB Kevin Mitchell
|
0-0: Called Strike 0-1: Foul Ball, location: 2F 0-2: 3-RUN HOME RUN (Flyball, 7D, EV 93.1 MPH), Distance : 376 ft
|
|
Batting: SHB Todd Hundley
|
0-0: Ball 1-0: Ball 2-0: Ground out 4-3 (Groundball, 4, EV 106.3 MPH)
|
|
Batting: LHB Raul Ibanez
|
0-0: Called Strike 0-1: SINGLE (Groundball, 4D, EV 98.8 MPH)
|
|
Batting: SHB Howard Johnson
|
0-0: Called Strike 0-1: DOUBLE (Flyball, 78XD, EV 106.9 MPH) Raul Ibanez to third
|
|
Batting: LHB Garret Anderson
|
0-0: Ball 1-0: Ball 2-0: Ball 3-0: Called Strike 3-1: DOUBLE (Flyball, 89D, EV 100.0 MPH) Raul Ibanez scores Howard Johnson scores
|
|
Batting: SHB Tomas Perez
|
0-0: Called Strike 0-1: Ball 1-1: Fly out, F4 (Line Drive, 4, EV 73.1 MPH)
|
|
Batting: RHB Billy Ripken
|
0-0: Ball 1-0: Ball 2-0: Foul Ball, location: 2F 2-1: Swinging Strike 2-2: Ground out 4-3 (Groundball, 4, EV 88.8 MPH)
|
| Bottom of the 1st over - 5 runs, 5 hits, 1 error, 1 left on base; St. Louis 0 - Cleveland 5 |
| TOP OF THE 2ND |
|
St. Louis Cardinals batting - Pitching for Cleveland Spiders : RHP John Thomson
|
|
Batting: RHB Ivan Calderon
|
0-0: Ball 1-0: Foul Ball, location: 2F 1-1: Swinging Strike 1-2: Strikes out swinging
|
|
Batting: LHB Karim Garcia
|
0-0: Called Strike 0-1: Ball 1-1: Called Strike 1-2: Ball 2-2: Ball 3-2: SINGLE (Groundball, 4MD, EV 97.5 MPH)
|
|
Batting: RHB John Valentin
|
0-0: Foul Ball, location: 2F 0-1: Ball Wild Pitch! Karim Garcia to second 1-1: Fly out, F9 (Flyball, 89XD, EV 104.4 MPH)
|
|
Batting: RHB Dickie Thon
|
0-0: Called Strike 0-1: Foul Ball, location: 2F 0-2: Ball 1-2: Foul Ball, location: 2F 1-2: Foul Ball, location: 2F 1-2: Foul Ball, location: 2F 1-2: Foul Ball, location: 2F 1-2: Strikes out swinging
|
| Top of the 2nd over - 0 runs, 1 hit, 0 errors, 1 left on base; St. Louis 0 - Cleveland 5 |
| BOTTOM OF THE 2ND |
|
Cleveland Spiders batting - Pitching for St. Louis Cardinals : RHP Bob Scanlan
|
|
Batting: LHB Darryl Strawberry
|
0-0: Ground out 4-3 (Groundball, 34D, EV 100.6 MPH)
|
|
Batting: RHB Bernard Gilkey
|
0-0: Called Strike 0-1: SINGLE (Groundball, 6MD, EV 104.4 MPH)
|
|
Batting: RHB Kevin Mitchell
|
0-0: Ball 1-0: Ball 2-0: Ball 3-0: Called Strike 3-1: Swinging Strike 3-2: Foul Ball, location: 2F 3-2: Strikes out swinging Bernard Gilkey steals 2nd base Batter strikes out.
|
|
Pitching: RHP Bryce Florie
|
|
|
Batting: SHB Todd Hundley
|
0-0: Ball 1-0: Ball 2-0: Foul Ball, location: 2F 2-1: Ball 3-1: Ground out 4-3 (Groundball, 4, EV 79.4 MPH)
|
| Bottom of the 2nd over - 0 runs, 1 hit, 0 errors, 1 left on base; St. Louis 0 - Cleveland 5 |
| TOP OF THE 3RD |
|
St. Louis Cardinals batting - Pitching for Cleveland Spiders : RHP John Thomson
|
|
Batting: RHB Damian Miller
|
0-0: Ball 1-0: Ground out 5-3 (Groundball, 56, EV 84.4 MPH)
|
|
Batting: SHB Stan Javier
|
0-0: Swinging Strike 0-1: Called Strike 0-2: Ball 1-2: Ball 2-2: Ball 3-2: Strikes out swinging
|
|
Batting: LHB Steve Finley
|
0-0: SINGLE (Line Drive, 78M, EV 88.1 MPH)
|
|
Batting: RHB Jay Bell
|
Pickoff Throw to First - Out! 1-3
|
| Top of the 3rd over - 0 runs, 1 hit, 0 errors, 0 left on base; St. Louis 0 - Cleveland 5 |
| BOTTOM OF THE 3RD |
|
Cleveland Spiders batting - Pitching for St. Louis Cardinals : RHP Bryce Florie
|
|
Batting: LHB Raul Ibanez
|
0-0: Ball 1-0: Called Strike 1-1: Reached on error, E6 (Groundball, 4M, EV 90.0 MPH)
|
|
Batting: SHB Howard Johnson
|
0-0: SINGLE (Flyball, 7LS, EV 99.4 MPH) Raul Ibanez to third
|
|
Batting: LHB Garret Anderson
|
0-0: Called Strike 0-1: Swinging Strike 0-2: Strikes out swinging
|
|
Batting: SHB Tomas Perez
|
0-0: Called Strike 0-1: Foul Ball, location: 2F 0-2: Fly out, F8 (Flyball, 8RS, EV 91.3 MPH)
|
|
Batting: RHB Billy Ripken
|
0-0: Ball 1-0: Foul Ball, location: 2F 1-1: Ball 2-1: Ball 3-1: Foul Ball, location: 2F 3-2: Strikes out swinging
|
| Bottom of the 3rd over - 0 runs, 1 hit, 1 error, 2 left on base; St. Louis 0 - Cleveland 5 |
| TOP OF THE 4TH |
|
St. Louis Cardinals batting - Pitching for Cleveland Spiders : RHP John Thomson
|
|
Batting: RHB Jay Bell
|
0-0: Fly out, F8 (Flyball, 8LXD, EV 103.8 MPH)
|
|
Batting: LHB Brian S Giles
|
0-0: Fly out, F7 (Flyball, 7, EV 88.1 MPH)
|
|
Batting: RHB Ivan Calderon
|
0-0: Ball 1-0: Foul Ball, location: 2F 1-1: SINGLE (Flyball, 89S, EV 90.6 MPH)
|
|
Batting: LHB Karim Garcia
|
0-0: Ball 1-0: Ball 2-0: Ball 3-0: Base on Balls Ivan Calderon to second
|
|
Batting: RHB John Valentin
|
0-0: Ball 1-0: Ball 2-0: Called Strike 2-1: Swinging Strike 2-2: Foul Ball, location: 2F 2-2: Strikes out swinging
|
| Top of the 4th over - 0 runs, 1 hit, 0 errors, 2 left on base; St. Louis 0 - Cleveland 5 |
| BOTTOM OF THE 4TH |
|
Cleveland Spiders batting - Pitching for St. Louis Cardinals : RHP Bryce Florie
|
|
Batting: LHB Darryl Strawberry
|
0-0: Foul Ball, location: 2F 0-1: Foul Ball, location: 2F 0-2: Strikes out looking
|
|
Batting: RHB Bernard Gilkey
|
0-0: Ball 1-0: Fly out, F8 (Flyball, 8LD, EV 93.1 MPH)
|
|
Batting: RHB Kevin Mitchell
|
0-0: Foul Ball, location: 2F 0-1: Ball 1-1: Ball 2-1: Foul Ball, location: 2F 2-2: Ball 3-2: Ground out 6-3 (Groundball, 56, EV 101.9 MPH)
|
| Bottom of the 4th over - 0 runs, 0 hits, 0 errors, 0 left on base; St. Louis 0 - Cleveland 5 |
| TOP OF THE 5TH |
|
St. Louis Cardinals batting - Pitching for Cleveland Spiders : RHP John Thomson
|
|
Batting: RHB Dickie Thon
|
0-0: Ball 1-0: Ball 2-0: Ball 3-0: Called Strike 3-1: Foul Ball, location: 2F 3-2: Foul Ball, location: 2F 3-2: Strikes out swinging
|
|
Batting: RHB Damian Miller
|
0-0: Called Strike 0-1: Foul Ball, location: 2F 0-2: Foul Ball, location: 2F 0-2: Foul Ball, location: 2F 0-2: Ground out 4-3 (Groundball, 4D, EV 101.9 MPH)
|
|
Batting: SHB Stan Javier
|
0-0: Called Strike 0-1: Foul Ball, location: 2F 0-2: Foul Ball, location: 2F 0-2: Strikes out swinging
|
| Top of the 5th over - 0 runs, 0 hits, 0 errors, 0 left on base; St. Louis 0 - Cleveland 5 |
| BOTTOM OF THE 5TH |
|
Cleveland Spiders batting - Pitching for St. Louis Cardinals : RHP Bryce Florie
|
|
Pitching: LHP Randy Myers
|
|
|
Batting: SHB Todd Hundley
|
0-0: Foul Ball, location: 2F 0-1: Called Strike 0-2: Ball 1-2: Ball 2-2: Ball 3-2: Foul Ball, location: 2F 3-2: Foul Ball, location: 2F 3-2: Fly out, F8 (Flyball, 8LD, EV 103.8 MPH)
|
|
Batting: LHB Raul Ibanez
|
0-0: Called Strike 0-1: SINGLE (Flyball, 7LS, EV 93.8 MPH)
|
|
Batting: SHB Howard Johnson
|
0-0: Ball 1-0: Ball 2-0: Swinging Strike 2-1: Swinging Strike 2-2: Strikes out looking
|
|
Batting: LHB Garret Anderson
|
0-0: Fly out, F7 (Flyball, 7LS, EV 84.4 MPH)
|
| Bottom of the 5th over - 0 runs, 1 hit, 0 errors, 1 left on base; St. Louis 0 - Cleveland 5 |
| TOP OF THE 6TH |
|
St. Louis Cardinals batting - Pitching for Cleveland Spiders : RHP John Thomson
|
|
Batting: LHB Steve Finley
|
0-0: Called Strike 0-1: Ball 1-1: Ball 2-1: Ground out 5-3 (Groundball, 56, EV 87.5 MPH)
|
|
Batting: RHB Jay Bell
|
0-0: Ball 1-0: Called Strike 1-1: Ball 2-1: Foul Ball, location: 2F 2-2: Foul Ball, location: 2F 2-2: Ball 3-2: Fly out, F9 (Line Drive, 9, EV 95.0 MPH)
|
|
Batting: LHB Brian S Giles
|
0-0: DOUBLE (Flyball, 8LXD, EV 106.3 MPH)
|
|
Batting: RHB Ivan Calderon
|
0-0: Ball 1-0: SINGLE (Line Drive, 9S, EV 86.9 MPH) Brian S Giles to third Runner from 3rd tries for Home, SAFE, throw by RF to home
|
|
Batting: LHB Karim Garcia
|
0-0: Ball 1-0: Ball 2-0: Swinging Strike 2-1: Fielders Choice at 2nd, U6 (Groundball, 6M, EV 98.1 MPH)
|
| Top of the 6th over - 1 run, 2 hits, 0 errors, 1 left on base; St. Louis 1 - Cleveland 5 |
| BOTTOM OF THE 6TH |
|
Cleveland Spiders batting - Pitching for St. Louis Cardinals : LHP Randy Myers
|
|
Batting: SHB Tomas Perez
|
0-0: Swinging Strike 0-1: Called Strike 0-2: Strikes out swinging
|
|
Batting: RHB Billy Ripken
|
0-0: Foul Ball, location: 2F 0-1: Fly out, F8 (Line Drive, 8RD, EV 101.3 MPH)
|
|
Pitching: LHP Vince Horsman
|
|
|
Batting: LHB Darryl Strawberry
|
0-0: Ball 1-0: Swinging Strike 1-1: Foul Ball, location: 2F 1-2: Foul Ball, location: 2F 1-2: SINGLE (Groundball, 3D, EV 106.3 MPH)
|
|
Batting: RHB Bernard Gilkey
|
0-0: Foul Ball, location: 2F 0-1: Ball Darryl Strawberry steals 2nd base 1-1: Ball 2-1: Fly out, F9 (Flyball, 89M, EV 86.3 MPH)
|
| Bottom of the 6th over - 0 runs, 1 hit, 0 errors, 1 left on base; St. Louis 1 - Cleveland 5 |
| TOP OF THE 7TH |
|
St. Louis Cardinals batting - Pitching for Cleveland Spiders : RHP John Thomson
|
|
Batting: RHB John Valentin
|
0-0: Ball 1-0: Called Strike 1-1: Ball 2-1: Called Strike 2-2: Fly out, F8 (Line Drive, 8RM, EV 88.1 MPH)
|
|
Batting: RHB Dickie Thon
|
0-0: Ground out 4-3 (Groundball, 4S, EV 81.9 MPH)
|
|
Batting: RHB Damian Miller
|
0-0: Ball 1-0: Ground out 5-3 (Groundball, 56, EV 86.3 MPH)
|
| Top of the 7th over - 0 runs, 0 hits, 0 errors, 0 left on base; St. Louis 1 - Cleveland 5 |
| BOTTOM OF THE 7TH |
|
Cleveland Spiders batting - Pitching for St. Louis Cardinals : LHP Vince Horsman
|
|
Batting: RHB Kevin Mitchell
|
0-0: Ball 1-0: Fly out, F4 (Popup, 34, EV 71.3 MPH)
|
|
Batting: SHB Todd Hundley
|
0-0: Ball 1-0: Ball 2-0: Fly out, F8 (Flyball, 8LXD, EV 91.3 MPH)
|
|
Batting: LHB Raul Ibanez
|
0-0: Ball 1-0: Called Strike 1-1: Ground out 4-3 (Groundball, 4, EV 84.4 MPH)
|
| Bottom of the 7th over - 0 runs, 0 hits, 0 errors, 0 left on base; St. Louis 1 - Cleveland 5 |
| TOP OF THE 8TH |
|
St. Louis Cardinals batting - Pitching for Cleveland Spiders : RHP John Thomson
|
|
Batting: SHB Stan Javier
|
0-0: Foul Ball, location: 2F 0-1: Ball 1-1: Foul Ball, location: 2F 1-2: Hit by Pitch
|
|
Batting: LHB Steve Finley
|
0-0: Called Strike 0-1: Swinging Strike 0-2: Fly out, F8 (Flyball, 78M, EV 93.8 MPH)
|
|
Batting: RHB Jay Bell
|
0-0: Ball 1-0: Ball 2-0: Fly out, F7 (Flyball, 78D, EV 93.1 MPH)
|
|
Batting: LHB Brian S Giles
|
0-0: Ball 1-0: Called Strike 1-1: Swinging Strike 1-2: Foul Ball, location: 2F 1-2: Ball 2-2: Foul Ball, location: 2F 2-2: Strikes out swinging
|
| Top of the 8th over - 0 runs, 0 hits, 0 errors, 1 left on base; St. Louis 1 - Cleveland 5 |
| BOTTOM OF THE 8TH |
|
Cleveland Spiders batting - Pitching for St. Louis Cardinals : LHP Vince Horsman
|
|
Batting: SHB Howard Johnson
|
0-0: Ball 1-0: Foul Ball, location: 2F 1-1: Ball 2-1: DOUBLE (Flyball, 89D, EV 109.4 MPH)
|
|
Pitching: RHP Mariano Rivera
|
|
|
Batting: LHB Garret Anderson
|
0-0: Ball 1-0: Ball 2-0: Ground out 6-3 (Groundball, 6M, EV 106.9 MPH) Howard Johnson to third
|
|
Batting: SHB Tomas Perez
|
0-0: Foul Ball, location: 2F 0-1: Ball 1-1: Ball 2-1: Ball 3-1: Foul Ball, location: 2F 3-2: Foul Ball, location: 2F 3-2: Fly out, F7 (Flyball, 7S, EV 80.0 MPH) Runner from 3rd tags up, OUT at HOME! 7-2
|
| Bottom of the 8th over - 0 runs, 1 hit, 0 errors, 0 left on base; St. Louis 1 - Cleveland 5 |
| TOP OF THE 9TH |
|
St. Louis Cardinals batting - Pitching for Cleveland Spiders : RHP John Thomson
|
|
Batting: RHB Ivan Calderon
|
0-0: Called Strike 0-1: Foul Ball, location: 2F 0-2: Ball 1-2: Ball 2-2: Foul Ball, location: 2F 2-2: Foul Ball, location: 2F 2-2: SOLO HOME RUN (Flyball, 78XD, EV 98.8 MPH), Distance : 404 ft
|
|
Batting: LHB Karim Garcia
|
0-0: Ball 1-0: Swinging Strike 1-1: Ball 2-1: Ball 3-1: Base on Balls
|
|
Pitching: RHP Steve Karsay
|
|
|
Now at 1B: Roberto Petagine
|
|
|
Now in CF: Marquis Grissom
|
|
|
Batting: RHB John Valentin
|
0-0: Fly out, F1 (Line Drive, P, EV 66.3 MPH)
|
|
Batting: RHB Dickie Thon
|
0-0: Swinging Strike 0-1: Fly out, F7 (Flyball, 7, EV 85.0 MPH)
|
|
Batting: RHB Damian Miller
|
0-0: Called Strike 0-1: Foul Ball, location: 2F 0-2: Ball 1-2: Ball 2-2: Strikes out swinging
|
| Top of the 9th over - 1 run, 1 hit, 0 errors, 1 left on base; St. Louis 2 - Cleveland 5 |
|